 Dungeon Crawl Stone Soup version 0.32-a0-918-g0f22ef8d61 (webtiles) character file.

Game seed: 11310241305791350129

599 Fodor the Covered (level 7, -6/61 HPs)
             Began as a Minotaur Fighter on Apr 11, 2024.
             Mangled by a gnoll
             ... wielding a +2 heavy halberd
             ... led by a gnoll bouda
              (20 damage)
             ... on level 5 of the Dungeon.
             The game lasted 00:13:03 (2885 turns).

Fodor the Covered (Minotaur Fighter)                Turns: 2885, Time: 00:13:03

Health: -6/61      AC: 13    Str: 22    XL:     7   Next: 17%
Magic:  6/6        EV:  7    Int:  5    God:
Gold:   160        SH:  4    Dex: 10    Spells: 6/6 levels left

rFire   . . .        z - +1 war axe
rCold   . . .        c - +0 buckler
rNeg    . . .        s - +2 chain mail "Wicsoenidd" {Slay+4}
rPois   +            (helmet restricted)
rElec   .            m - +0 cloak
rCorr   .            (no gloves)
SInv    .            (no boots)
Will    .....        (no amulet) Stlth
                     k - ring of poison resistance
HPRegen 0.30/turn    (no ring)
MPRegen 0.10/turn

%: no passive effects
@: weakened
A: horns 2, retaliatory headbutt
a: no special abilities


You were on level 5 of the Dungeon.
You visited 1 branch of the dungeon, and saw 5 of its levels.

You collected 178 gold pieces.
You spent 18 gold pieces at shops.

Inventory:

Hand Weapons
 z - a +1 war axe (weapon)
Armour
 c - a +0 buckler (worn)
 f - a scarf of harm
 m - a +0 cloak (worn)
 s - the +2 chain mail "Wicsoenidd" (worn) {Slay+4}
   (You found it on level 2 of the Dungeon)

   Slay+4:    It affects your accuracy & damage with ranged weapons and melee
   (+4).
Jewellery
 k - a ring of poison resistance (left hand)
 p - a ring of resist corrosion
Talismans
 r - a blade talisman
 v - a serpent talisman
Scrolls
 b - a scroll of revelation
 i - a scroll of acquirement {unknown}
 j - 2 scrolls of vulnerability
 o - a scroll of fog
 q - 4 scrolls of teleportation
 u - 2 scrolls of enchant armour
 w - a scroll of amnesia {unknown}
 x - a scroll of torment
 y - a scroll of blinking
Potions
 a - a potion of attraction {unknown}
 d - 3 potions of might
 e - a potion of lignification {unknown}
 g - 2 potions of haste {unknown}
 h - 2 potions of curing {unknown}
 l - 2 potions of enlightenment {unknown}
 n - a potion of mutation {unknown}
 t - a potion of magic {unknown}


   Skills:
 + Level 5.5 Fighting
 + Level 3.4(5.0) Axes
 + Level 5.5(6.0) Polearms
 + Level 5.6 Armour
 + Level 0.8 Dodging
 + Level 0.2 Stealth
 + Level 4.5 Shields


You had 6 spell levels left.
You didn't know any spells.
Your spell library contained the following spells:

 Spells                   Type           Power      Damage    Failure   Level
 Call Imp                 Summ           0%         N/A       99%         2
 Sublimation of Blood     Necr           0%         N/A       99%         2
 Inner Flame              Hex/Fire       0%         N/A       100%        3
 Irradiate                Conj/Alch      0%         3d11      100%        5
 Summon Hydra             Summ           0%         N/A       100%        7
 Ignition                 Fire           0%         3d3       100%        8


Dungeon Overview and Level Annotations

Branches:
Dungeon (5/15)
 Temple: D:4-7

Altars:
Ru
Vehumet
Xom
The Shining One

Shops:
D:3 *   D:4 *[(:[


Innate Abilities, Weirdness & Mutations

You have a pair of horns on your head.
You reflexively headbutt those who attack you in melee.


Message History

You closely miss the gnoll bouda. Your headbutt misses the gnoll bouda.
You block the gnoll's attack.
The gnoll hits you from afar with a +2 heavy halberd.
The gnoll bouda hits you but does no damage.
You hit the gnoll bouda.
The gnoll bouda is lightly wounded.
The gnoll is no longer moving quickly.
You block the gnoll's attack. The gnoll bouda barely misses you.
You block the gnoll's attack. The gnoll barely misses you.
You closely miss the gnoll bouda.
The gnoll bouda is lightly wounded.
The gnoll bouda barks out a call to the hunt!
The gnoll picks up the pace!
The gnoll hits you but does no damage. The gnoll closely misses you.
The gnoll bouda hits you with a +0 club.
You closely miss the gnoll bouda.
The gnoll bouda is lightly wounded.
Your attacks no longer feel as feeble.
The gnoll closely misses you.
The gnoll bouda hits you with a +0 club.
You block the gnoll's attack.
The gnoll bouda attacks as it pursues you!
The gnoll bouda hits you with a +0 club.
* * * LOW HITPOINT WARNING * * *
You slash the gnoll bouda!
The gnoll bouda is almost dead.
The gnoll bouda mumbles some strange prayers to its god.
The gnoll bouda is healed somewhat.
The gnoll barely misses you.
You hit the gnoll bouda.
The gnoll bouda is severely wounded.
The gnoll hits you but does no damage. The gnoll completely misses you.
The gnoll bouda prays to its god.
The gnoll bouda is healed somewhat.
The gnoll bouda gazes fiercely through you!
You feel your attacks grow feeble. The gnoll hits you with a +0 halberd.
* * * LOW HITPOINT WARNING * * *
The gnoll hits you with a +2 heavy halberd!!
You die...

#.#...........##.####
#####.............#
#.......##.##.#
#[......##.# #
#######.##.. #.###.#
##### #.###.#.#
......##g......#
......g@g....###
.##...######## .....
.#.. ##


You could see a gnoll bouda and 2 gnolls.

Vanquished Creatures
  5 scorpions
  A bombardier beetle (D:5)
  A hound (D:5)
  An orc wizard (D:4)
  7 gnolls
  4 adders
  A white imp (D:5)
  2 ribbon worms
  3 dart slugs
  6 orcs
  5 bats
  11 endoplasms
  4 giant cockroaches
  5 hobgoblins
  6 jackals
  4 quokkas
  5 ball pythons
  2 frilled lizards (D:3)
  6 goblins
  13 kobolds
  6 rats
98 creatures vanquished.

Notes
Turn   | Place    | Note
-------+----------+-------------------------------------------
     0 | D:1      | Fodor the Minotaur Fighter began the quest for the Orb.
     0 | D:1      | Reached XP level 1. HP: 19/19 MP: 0/0
    80 | D:1      | Reached XP level 2. HP: 25/27 MP: 1/1
   281 | D:1      | Reached XP level 3. HP: 33/33 MP: 2/2
   808 | D:2      | Reached skill level 5 in Fighting
   808 | D:2      | Reached XP level 4. HP: 31/42 MP: 3/3
   903 | D:2      | Identified the +2 chain mail "Wicsoenidd" {Slay+4}
  1631 | D:3      | Found a shimmering altar of Xom.
  1947 | D:3      | Found Zaisonin's Assorted Antiques.
  1952 | D:3      | Bought a scroll labelled IZISEM GUEST for 18 gold pieces
  2042 | D:4      | Noticed a scorpion
  2050 | D:4      | Killed a scorpion
  2051 | D:4      | Reached XP level 5. HP: 40/48 MP: 4/4
  2095 | D:4      | Found Izyurye's Armour Shop.
  2101 | D:4      | Found Ejibetsemp's Antique Weapon Boutique.
  2253 | D:4      | Reached skill level 5 in Armour
  2307 | D:4      | Found Foer's Armour Boutique.
  2328 | D:4      | Found Ladub's Book Boutique.
  2358 | D:4      | Found a sacrificial altar of Ru.
  2358 | D:4      | Found a radiant altar of Vehumet.
  2378 | D:4      | Found Zuaggig's General Store.
  2504 | D:5      | Entered Level 5 of the Dungeon
  2508 | D:5      | Reached XP level 6. HP: 50/56 MP: 5/5
  2578 | D:5      | Found a glowing golden altar of the Shining One.
  2702 | D:5      | Reached skill level 1 in Axes
  2702 | D:5      | Reached skill level 5 in Polearms
  2835 | D:5      | Reached XP level 7. HP: 54/61 MP: 6/6
  2885 | D:5      | Mangled by a gnoll

Illustrated notes

Levels and vault maps discovered:
D:1:      kennysheep_arrival_seaside, layout_rooms
D:2:      layout_loops_ring
D:3:      layout_loops_ring, general_overflow_altar, serial_shops,
          nicolae_shop_back_alley_shop
D:4:      layout_cave_pools, gammafunk_temple_overflow_wave, serial_shops, shop,
          shop, nicolae_book_shop_shelving,
          nicolae_shop_competitors_out_of_business, shop
D:5:      layout_loops_cross, mainiacjoe_overflow_six_doors_small,
          kennysheep_mini

Skill      XL: |  1  2  3  4  5  6  7 |
---------------+----------------------+-----
Shields        | 4 |  4.5
Fighting       | 4 5 |  5.5
Armour         | 4 5 |  5.6
Polearms       | 3 4 5 |  5.5
Axes           | 2 3 |  3.4
Dodging        | |  0.8
Stealth        | |  0.2

Action                     |  1- 3 |  4- 6 |  7- 9 || total
---------------------------+-------+-------+-------++-------
  Melee: Trident           |    78 |    74 |       ||   152
         Headbutt          |    17 |    10 |     2 ||    29
         War axe           |       |    25 |    18 ||    43
    Use: Scroll            |       |     9 |       ||     9
 Armour: Scale mail        |    71 |     7 |       ||    78
         Chain mail        |       |    85 |    21 ||   106
  Dodge: Dodged            |    36 |    29 |    23 ||    88
  Block: Buckler           |    20 |    24 |    10 ||    54

Table legend: (Time is in decaauts)
 A = Elapsed time spent in this place.
 B = Non-inter-level travel time spent in this place.
 C = Inter-level travel time spent in this place.
 D = Time resting spent in this place.
 E = Time spent auto-exploring this place.
 F = Levels seen in this place.
 G = Mean time per level.
                   A        B        C        D        E       F      G
               +--------+--------+--------+--------+--------+-----+--------+
         Total |   2930 |   2859 |     71 |      0 |   1764 |   5 |  586.0 |
       Dungeon |   2930 |   2859 |     71 |      0 |   1764 |   5 |  586.0 |
               +--------+--------+--------+--------+--------+-----+--------+

Top non-repeatable levels by time:
     D:2: 713 daAuts
     D:1: 668 daAuts
     D:3: 664 daAuts
     D:4: 486 daAuts
     D:5: 396 daAuts
